 Dungeon Crawl Stone Soup version 0.25-a0-1073-gf4359a17dd (webtiles) character file.

Game seed: 1560810646746479856, levelgen mode: deterministic

130265 Flugslaktarn the Severer (level 16, -9/147 HPs)
             Began as a Deep Dwarf Fighter on May 14, 2020.
             Was a High Priest of Makhleb.
             Killed from afar by a nagaraja (26 damage)
             ... with a bolt of poison
             ... on level 3 of the Snake Pit.
             The game lasted 00:10:46 (12395 turns).

Flugslaktarn the Severer (Deep Dwarf Fighter)      Turns: 12395, Time: 00:10:47

Health: -9/147     AC: 22    Str: 21    XL:     16   Next: 52%
Magic:  9/9        EV: 11    Int: 11    God:    Makhleb [*****.]
Gold:   1059       SH: 15    Dex: 16    Spells: 15/15 levels left

rFire    . . .     SeeInvis .   a - +6 broad axe
rCold    . . .     Gourm    .   I - +1 kite shield {AC+3}
rNeg     + . .     Faith    .   o - +0 chain mail
rPois    .         Spirit   .   B - +0 helmet
rElec    .         Reflect  .   Q - +0 cloak
rCorr    .         Harm     .   l - +0 pair of gloves
MR       ++...                  u - +1 pair of boots
Stlth    ..........             (no amulet)
HPRegen  0.00/turn              j - +4 ring of slaying
MPRegen  0.11/turn              y - +4 ring of evasion

@: lethally poisoned (-9 -> -38), non-regenerating, constricted
A: damage resistance, heal wounds, negative energy resistance 1, sense
surroundings 2, no regeneration
a: Heal Wounds, Minor Destruction, Lesser Servant of Makhleb, Major Destruction,
Greater Servant of Makhleb, Renounce Religion


You were on level 3 of the Snake Pit.
You worshipped Makhleb.
Makhleb was extremely pleased with you.
You were very hungry.

You visited 4 branches of the dungeon, and saw 23 of its levels.
You also visited: Bailey.

You collected 1147 gold pieces.
You spent 88 gold pieces at shops.

Inventory:

Hand Weapons
 a - a +6 broad axe (weapon)
   (You took it off an orc warlord in a bailey)
 b - a +0 scimitar of flaming
   (You took it off Erica on level 8 of the Dungeon)
 z - a +0 short sword of distortion
   (You took it off a kobold on level 13 of the Dungeon)
Missiles
 L - 3 throwing nets (quivered)
Armour
 l - a +0 pair of gloves (worn)
   (You found it on level 4 of the Dungeon)
 o - a +0 chain mail (worn)
   (You found it on level 5 of the Dungeon)
 u - a +1 pair of boots (worn)
   (You found it on level 5 of the Dungeon)
 B - a +0 helmet (worn)
   (You found it on level 8 of the Dungeon)
 I - a +1 kite shield of protection (worn)
   (You took it off a tengu warrior on level 13 of the Dungeon)
 Q - a +0 cloak (worn)
   (You took it off Maurice on level 9 of the Dungeon)
Jewellery
 j - a +4 ring of slaying (left hand)
   (You found it on level 4 of the Dungeon)
 y - a +4 ring of evasion (right hand)
   (You found it on level 11 of the Dungeon)
Wands
 v - a wand of digging (6)
   (You found it on level 3 of the Lair of Beasts)
 P - a wand of iceblast (4)
   (You took it off Maurice on level 9 of the Dungeon)
Scrolls
 c - 3 scrolls of magic mapping
 m - a scroll of silence
 p - a scroll of fear
 r - 3 scrolls of identify
 t - 2 scrolls of teleportation
 x - 7 scrolls of remove curse
 D - a scroll of holy word
 H - 2 scrolls of enchant armour
 K - 2 scrolls of fog
Potions
 d - 2 potions of might
 f - 3 potions of invisibility
 g - a potion of berserk rage
 h - 3 potions of haste
 i - a potion of mutation
 k - 3 potions of cancellation
 n - a potion of resistance
 q - 10 potions of curing
 s - 4 potions of flight
 w - 2 potions of heal wounds
 A - 4 potions of lignification
 C - 2 potions of magic
Comestibles
 e - 33 rations


   Skills:
 + Level 10.3 Fighting
 * Level 16.8 Axes
 + Level 12.0 Armour
 + Level 3.7 Dodging
 - Level 15.0 Shields
 + Level 12.6 Invocations


You had 15 spell levels left.
You didn't know any spells.
Your spell library was empty.

Dungeon Overview and Level Annotations

Branches:
Dungeon (15/15)            Temple (1/1) D:5            Lair (4/6) D:10
  Swamp (0/4) Lair:2        Snake (3/4) Lair:4          Orc (0/2) D:12
 Vaults (0/5) D:13         Depths (0/5) D:15         Bailey (visited)

Altars:
Ashenzari
Cheibriados
Elyvilon
Fedhas
Gozag
Hepliaklqana
Kikubaaqudgha
Makhleb
Nemelex Xobeh
Okawaru
Qazlal
Ru
Sif Muna
Trog
Uskayaw
Vehumet
Wu Jian
Xom
Yredelemnul
Zin
The Shining One
Beogh

Shops:
D:5 !

Annotations:
D:11 3 runed translucent doors, Flugslaktarn's ghost, journeyman DDFi; TrebMcFLY's ghost, journeyman CeHu; UristMcRaven's ghost, journeyman DECj; Zaef Yty's ghost, novice DDFi
D:12 1 runed translucent door


Innate Abilities, Weirdness & Mutations

You are resistant to damage.
You can heal yourself by infusing magical energy.
You resist negative energy. (rN+)
You passively map the area around you.
You do not regenerate.


Message History

The bolt of poison hits you!!
You are more poisoned.
* * * LOW HITPOINT WARNING * * *
x2 The nagaraja constricts you.
The nagaraja casts a spell at you. You block the poison arrow.
The nagaraja constricts you.
You are too injured to fight recklessly!
You are too injured to fight recklessly!
You are too injured to fight recklessly!
You are too injured to fight recklessly!
You closely miss the nagaraja.
The nagaraja is severely wounded.
You feel sick. You block the nagaraja's attack. The nagaraja constricts you.
You slice the nagaraja!!
The nagaraja is almost dead.
You feel sick.
The nagaraja points at you and mumbles some strange words.
The bolt of poison hits you!!
You are lethally poisoned!
You die...

### ####..##
#......#
#....#.# #####
......# ##...#
#...####....#
#..(..##....#
###)((.((.(..##
#.N@.####.#.##
**#.%#)## #.#.#
#... #.# #.#.##
* #.., ...
#....###
,,,..., #...
##.....## ** ##
* #...#
*#.......# *
##...,
#.......# #...
#...(...### ,,
, #.........##


You could see a nagaraja (fast).

Vanquished Creatures
  A nagaraja (Snake:3)
  An orc warlord (Bailey)
  Azrael (D:13)
  2 vault guards (D:13)
  A naga warrior (Snake:3)
  3 hydras
  Erica (D:8)
  An anaconda (Snake:2)
  A death knight (D:11)
  2 centaur warriors (D:13)
  4 two-headed ogres
  2 tengu warriors (D:13)
  2 shock serpents
  A naga sharpshooter (Snake:3)
  Nergalle (Lair:3)
  5 skeletal warriors
  3 sea snakes (Snake:2)
  An unseen horror (D:11)
  A flayed ghost (D:15)
  A naga ritualist (Snake:3)
  3 wizards
  2 orc knights
  A tengu zombie (D:15)
  2 necromancers
  A wolf spider zombie (D:12)
  A fire giant zombie (D:15)
  9 ugly things
  A stone giant zombie (D:15)
  A salamander (shapeshifter) (D:15)
  A cyclops (D:11)
  Maurice (D:9)
  A centaur zombie (D:12)
  8 black mambas
  2 gargoyles (D:11)
  Joseph (D:8)
  A centaur skeleton (D:15)
  A naga mage (Snake:2)
  2 spiny frogs
  A kobold demonologist (D:13)
  A komodo dragon (Lair:3)
  A harpy zombie (D:13)
  3 hornets
  4 trolls
  11 hippogriffs
  6 slime creatures
  A bog body (Lair:2)
  A shadow (D:11)
  2 vampires
  A wyvern (D:11)
  25 yaks
  4 basilisks
  20 humans (D:13)
  2 hungry ghosts
  2 fire elementals (D:13)
  A steam dragon (D:11)
  A soldier ant (D:12)
  4 nagas
  Menkaure (D:5)
  An acid dragon (D:10)
  7 water moccasins
  Duvessa (D:5)
  6 hell hounds (D:13)
  9 porcupines
  5 ice beasts
  17 orc warriors
  5 sky beasts
  A black bear (D:11)
  6 necrophages
  8 centaurs
  7 ogres
  An eye of draining (D:13)
  7 wolves
  7 crocodiles
  12 bullfrogs
  2 big kobolds (D:13)
  A water moccasin zombie (D:11)
  9 scorpions
  Dowan (D:5)
  11 wights
  21 killer bees
  10 howler monkeys
  An electric eel (Lair:3)
  A bullfrog zombie (D:4)
  5 crimson imps
  8 jellies
  5 hounds
  6 bullfrog skeletons
  13 orc priests
  21 orc wizards
  5 iguanas
  2 polar bear simulacra (D:11)
  7 worker ants
  3 yak simulacra (D:11)
  3 wolf simulacra (D:11)
  A killer bee zombie (D:10)
  A hound zombie (D:10)
  A hound skeleton (D:7)
  A worker ant zombie (D:5)
  8 adders
  4 gnolls (Bailey)
  3 shadow imps
  An ooze (D:5)
  2 worms (D:5)
  5 leopard geckos
  60 orcs
  A hobgoblin (Bailey)
  3 jackals (D:6)
  4 quokkas
  2 frilled lizards (D:4)
  9 goblins
  A jackal zombie (D:5)
  13 kobolds
  A leopard gecko skeleton (D:4)
  A leopard gecko zombie (D:5)
  A rat (D:1)
  3 river rat simulacra (D:11)
  2 withered plants (D:15)
529 creatures vanquished.

Vanquished Creatures (collateral kills)
  Snorg (D:10)
  7 hydras
  A cyclops (D:11)
  Psyche (D:9)
  A centaur skeleton (D:12)
  A hippogriff (Lair:1)
  3 slime creatures (D:12)
  2 water moccasins (Lair:3)
  A wolf (Lair:1)
  A crocodile (D:12)
  An electric eel (Lair:3)
  A bullfrog zombie (D:11)
  A bullfrog skeleton (D:11)
22 creatures vanquished.

Vanquished Creatures (others)
  An orc (D:15)
  3 fungi
  3 plants
  A withered plant (D:11)
8 creatures vanquished.

Grand Total: 559 creatures vanquished

Notes
Turn   | Place    | Note
-------+----------+-------------------------------------------
     0 | D:1      | Flugslaktarn the Deep Dwarf Fighter began the quest for the
                  | Orb.
     0 | D:1      | Reached XP level 1. HP: 20/20 MP: 1/1
   289 | D:2      | Reached XP level 2. HP: 27/27 MP: 2/2
   409 | D:4      | Reached skill level 3 in Axes
   409 | D:4      | Reached XP level 3. HP: 26/34 MP: 3/3
   613 | D:4      | Reached XP level 4. HP: 31/42 MP: 4/4
   635 | D:4      | Reached skill level 4 in Axes
   635 | D:4      | Reached XP level 5. HP: 35/49 MP: 5/5
  1087 | D:5      | Entered Level 5 of the Dungeon
  1092 | D:5      | Reached XP level 6. HP: 33/56 MP: 5/5
  1211 | D:5      | Found Ipnej's Distillery.
  1215 | D:5      | Noticed Duvessa
  1217 | D:5      | Noticed Dowan
  1222 | D:5      | Reached skill level 5 in Axes
  1229 | D:5      | Killed Dowan
  1234 | D:5      | Killed Duvessa
  1234 | D:5      | Reached skill level 5 in Shields
  1234 | D:5      | Reached XP level 7. HP: 23/63 MP: 6/6
  1246 | D:5      | Bought a potion of mutation for 88 gold pieces
  1472 | D:5      | Reached skill level 5 in Armour
  1565 | D:5      | Noticed Menkaure
  1573 | D:5      | Killed Menkaure
  1573 | D:5      | Reached skill level 6 in Axes
  1682 | D:5      | Reached XP level 8. HP: 48/73 MP: 6/6
  1737 | D:5      | Found a staircase to the Ecumenical Temple.
  1750 | Temple   | Entered the Ecumenical Temple
  1797 | Temple   | Became a worshipper of Makhleb the Destroyer
  2000 | D:6      | Reached skill level 1 in Invocations
  2028 | D:6      | Reached skill level 7 in Axes
  2322 | D:6      | Reached skill level 5 in Fighting
  2337 | D:6      | Reached * piety under Makhleb
  2374 | D:6      | Gained mutation: You passively map the area around you.
                  | [Deep Dwarf growth]
  2374 | D:6      | Reached XP level 9. HP: 33/81 MP: 8/8
  2811 | D:7      | Reached skill level 8 in Axes
  3537 | D:8      | Noticed Joseph
  3541 | D:8      | Noticed Erica
  3545 | D:8      | Noticed a two-headed ogre
  3596 | D:8      | Killed Erica
  3596 | D:8      | Reached skill level 9 in Axes
  3622 | D:8      | Killed Joseph
  3622 | D:8      | Reached skill level 5 in Invocations
  3643 | D:8      | Reached XP level 10. HP: 50/91 MP: 9/9
  3671 | D:8      | Reached ** piety under Makhleb
  3695 | D:7      | Reached skill level 10 in Axes
  3695 | D:7      | Reached skill level 10 in Shields
  3695 | D:7      | Reached XP level 11. HP: 60/100 MP: 9/12
  3795 | D:8      | Killed a two-headed ogre
  3795 | D:8      | Reached skill level 11 in Axes
  4227 | D:8      | Found a sparkling altar of Nemelex Xobeh.
  4227 | D:8      | Found a white marble altar of Elyvilon.
  4228 | D:8      | Found a bloodstained altar of Trog.
  4303 | D:9      | Noticed Maurice
  4354 | D:9      | Reached *** piety under Makhleb
  4478 | D:9      | You fall into a shaft and drop 2 floors!
  4488 | D:11     | Noticed a two-headed ogre
  4501 | D:11     | Killed a two-headed ogre
  4508 | D:11     | Noticed a death knight
  4511 | D:11     | Killed an unseen horror
  4525 | D:11     | Killed a death knight
  4565 | D:11     | Noticed an orc knight
  4586 | D:11     | Killed an orc knight
  4634 | D:11     | Reached **** piety under Makhleb
  4647 | D:11     | Reached skill level 12 in Axes
  4647 | D:11     | Paralysed by a hornet for 2 turns
  4659 | D:11     | Reached XP level 12. HP: 46/110 MP: 13/13
  5197 | D:11     | Noticed a five-headed hydra
  5212 | D:11     | Killed a six-headed hydra
  5391 | D:11     | Noticed a two-headed ogre
  5398 | D:11     | Killed a two-headed ogre
  5407 | D:11     | Found a runed translucent gate.
  5407 | D:11     | Found a runed translucent gate.
  5407 | D:11     | Noticed TrebMcFLY's ghost (journeyman CeHu)
  5407 | D:11     | Noticed Flugslaktarn's ghost (journeyman DDFi)
  5408 | D:11     | Found a runed translucent gate.
  5408 | D:11     | Noticed Zaef Yty's ghost (novice DDFi)
  5408 | D:11     | Noticed UristMcRaven's ghost (journeyman DECj)
  5684 | D:11     | Reached ***** piety under Makhleb
  5850 | D:10     | Entered Level 10 of the Dungeon
  6004 | D:9      | Found a shattered altar of Ashenzari.
  6018 | D:9      | Noticed Psyche
  6025 | D:9      | Killed Psyche
  6174 | D:9      | Killed Maurice
  6277 | D:9      | Noticed a two-headed ogre
  6286 | D:9      | Killed a two-headed ogre
  6454 | D:9      | Found a shimmering altar of Xom.
  6549 | D:10     | Noticed Snorg
  6621 | D:10     | Found a staircase to the Lair.
  6721 | D:10     | Reached skill level 13 in Axes
  6726 | D:10     | Reached skill level 10 in Armour
  6821 | D:10     | Killed Snorg
  7213 | Lair:1   | Entered Level 1 of the Lair of Beasts
  7278 | Lair:1   | Noticed a seven-headed hydra
  7288 | Lair:1   | Reached skill level 10 in Invocations
  7290 | Lair:1   | Killed a 12-headed hydra
  7290 | Lair:1   | Reached XP level 13. HP: 98/118 MP: 15/15
  7841 | Lair:2   | Found a staircase to the Swamp.
  8234 | Lair:3   | Noticed Nergalle
  8246 | Lair:3   | Killed Nergalle
  8960 | Lair:4   | Found a staircase to the Snake Pit.
  9707 | D:12     | Found a roughly hewn altar of Beogh.
  9707 | D:12     | Found a staircase to the Orcish Mines.
  9714 | D:12     | Reached skill level 14 in Axes
  9812 | D:12     | Found a flagged portal.
  9827 | Bailey   | Entered a bailey
  9832 | Bailey   | Noticed an orc warlord
  9833 | Bailey   | Found the +8 Wrath of Trog {antimagic, *Rage}
  9876 | Bailey   | Found a runed translucent gate.
  9876 | Bailey   | Found a runed translucent gate.
  9876 | Bailey   | Found a runed translucent gate.
  9978 | Bailey   | Killed an orc warlord
 10036 | Bailey   | Gained mutation: You resist negative energy. (rN+) [Deep
                  | Dwarf growth]
 10036 | Bailey   | Reached XP level 14. HP: 106/129 MP: 9/9
 10037 | Bailey   | Reached skill level 15 in Axes
 10037 | Bailey   | Reached XP level 15. HP: 112/136 MP: 10/10
 10119 | D:12     | Found a runed translucent door.
 10120 | D:12     | Identified the amulet "Nafeb Ytar" {Reflect Str+3 SH+5}
 10125 | D:12     | Found the +0 sword of Power
 10719 | D:13     | Noticed Azrael
 10754 | D:13     | Killed Azrael
 10993 | D:13     | Found a gate to the Vaults.
 11003 | D:13     | Reached XP level 16. HP: 135/146 MP: 10/10
 11004 | D:13     | Reached skill level 16 in Axes
 11128 | D:13     | Found a gate leading to a gauntlet.
 11401 | D:13     | Reached skill level 15 in Shields
 11471 | D:13     | Reached skill level 1 in Dodging
 11708 | D:14     | Reached skill level 10 in Fighting
 11715 | D:14     | You fall into a shaft and drop 1 floor!
 11715 | D:15     | Entered Level 15 of the Dungeon
 11778 | D:15     | Found a staircase to the Depths.
 12163 | Snake:1  | Entered Level 1 of the Snake Pit
 12395 | Snake:3  | Killed from afar by a nagaraja

Illustrated notes

Levels and vault maps discovered:
D:1:      dpeg_arrival_circle_labyrinth_c, layout_basic, kennysheep_another_room
D:2:      layout_basic
D:3:      layout_loops_ring, uniq_sigmund
D:4:      layout_loops_ring, serial_bayou_pond_b, minmay_misc_feat_secret_circle
D:5:      layout_gridville, minmay_temple_entry_offerings, first_ration,
          serial_shops, shop, uniq_duvessa, uniq_menkaure
D:6:      layout_cave_pods, st_stairs_14
D:7:      layout_cave_pods
D:8:      wander_river, layout_rooms, gammafunk_temple_overflow_claw,
          uniq_erica, uniq_joseph
D:9:      layout_basic, cheibrodos_ashenzari_chains, grunt_ogre_cave,
          david_defended_altar_elf, uniq_psyche, uniq_maurice
D:10:     layout_grid_maze, minmay_lair_entry_grove, uniq_snorg
D:11:     minmay_imperfect_grid, layout_basic, gammafunk_ghost_cemetery,
          eino_house_with_fridge
D:12:     layout_stronghold, david_orc_5, enter_bailey_3,
          minmay_misc_feat_doors, minivault_25, minmay_st_funbox
D:13:     layout_loops_ring, grunt_vaults_entry_tiered, gauntlet_entry_generic,
          grunt_ministairs_11, uniq_azrael
D:14:     layout_basic, minmay_misc_feat_rugged, dk_noncrumbling_2,
          small_statue_intersection
D:15:     gammafunk_depths_entry_grave, layout_layer_cave,
          gammafunk_ghost_grave, solitary_fountain, minmay_alternating_orb
Temple:   compressed_dpeg_circular_temple
Lair:1:   dragon1_lemuel, layout_gridlike, minmay_lair_oklob_chamber,
          infiniplex_staircase_pool_2, serial_bayou_shore_a, uniq_sonja
Lair:2:   layout_long_grid, skrybe_swamp_entry_bodies,
          chequers_serial_rivers_micro_c
Lair:3:   layout_gridlike, serial_bayou_lake_a, grunt_megastairs_1,
          uniq_nergalle
Lair:4:   regret_index_wax_grids, layout_cave_shapes,
          guppyfry_snake_entry_island
Snake:1:  layout_chambers, lemuel_fruit_tree
Snake:2:  layout_basic, gammafunk_ghost_cemetery
Snake:3:  layout_misc_corridors, gammafunk_ghost_wrathful_warriors,
          serial_shops, nicolae_shop_behind_doors, drop_trap,
          serial_bayou_crossing

Skill      XL: |  1  2  3  4  5  6  7  8  9 10 11 12 13 14 15 16 |
---------------+-------------------------------------------------+-----
Fighting       | 3 4 5 7 8 9 10 | 10.3
Axes           | 3 4 5 6 7 9 10 12 13 14 15 16 | 16.8
Armour         | 4 5 6 7 8 9 10 11 12 | 12.0
Shields        | 4 5 6 7 9 10 11 13 14 15 | 15.0
Invocations    | 3 5 7 8 10 11 12 | 12.6
Dodging        | 3 |  3.7

Action                   |  1- 3 |  4- 6 |  7- 9 | 10-12 | 13-15 | 16-18 || total
-------------------------+-------+-------+-------+-------+-------+-------++-------
Melee: War axe           |    34 |    99 |   327 |   196 |       |       ||   656
       Broad axe         |       |       |       |   412 |   517 |   273 ||  1202
Invok: Lesser Servant of |       |       |       |     9 |    20 |       ||    29
 Abil: Heal Wounds       |     1 |     3 |    13 |    13 |    28 |     5 ||    63
  Use: Potion            |       |       |     3 |     1 |     2 |     3 ||     9
       Scroll            |       |       |       |    22 |     3 |     3 ||    28
 Stab: Distracted        |       |       |       |     2 |     4 |       ||     6
  Eat: Chunk             |       |     1 |    13 |     8 |     9 |     4 ||    35
       Ration            |       |       |       |     2 |     1 |       ||     3
Armor: Scale mail        |    11 |    17 |       |       |       |       ||    28
       Chain mail        |       |    11 |   162 |   347 |   320 |   105 ||   945
Dodge: Dodged            |    14 |    17 |    32 |   148 |   229 |    82 ||   522
Block: Kite shield       |    15 |       |       |       |       |   164 ||   179
       Tower shield      |     9 |    72 |   255 |   663 |   755 |    50 ||  1804

Table legend:
 A = Non-vault XP
 B = Vault XP
 C = Vault XP percentage of total XP
 D = Non-vault monster count
 E = Vault monster count
 F = Vault count percentage of total count
                 A         B        C        D         E       F
            +---------+---------+-------+---------+---------+-------
      Total |   59436 |   38037 |  39.0 |     377 |     172 |  31.3
            +---------+---------+-------+---------+---------+-------
        D:1 |       2 |       0 |   0.0 |       2 |       0 |   0.0
        D:2 |      14 |       0 |   0.0 |       2 |       0 |   0.0
        D:4 |     195 |     112 |  36.5 |       8 |       7 |  46.7
        D:5 |    1021 |     371 |  26.7 |      27 |       3 |  10.0
        D:6 |    1360 |       0 |   0.0 |      26 |       0 |   0.0
        D:7 |     740 |       0 |   0.0 |      17 |       0 |   0.0
        D:8 |    2440 |    1378 |  36.1 |      32 |       2 |   5.9
        D:9 |    2543 |    1708 |  40.2 |      41 |       3 |   6.8
       D:10 |    2528 |    2869 |  53.2 |      24 |      14 |  36.8
       D:11 |    5513 |    8362 |  60.3 |      38 |      42 |  52.5
       D:12 |    6787 |    1114 |  14.1 |      33 |      27 |  45.0
       D:13 |    6913 |   13026 |  65.3 |      43 |      38 |  46.9
       D:14 |    1590 |       0 |   0.0 |       7 |       0 |   0.0
       D:15 |    5557 |    4605 |  45.3 |      18 |       7 |  28.0
     Lair:1 |    1703 |       0 |   0.0 |       8 |       0 |   0.0
     Lair:2 |    2822 |     253 |   8.2 |      11 |       1 |   8.3
     Lair:3 |    3661 |    1389 |  27.5 |      16 |       5 |  23.8
     Lair:4 |    2081 |     329 |  13.7 |       6 |       2 |  25.0
    Snake:1 |     623 |       0 |   0.0 |       2 |       0 |   0.0
    Snake:2 |    4082 |       0 |   0.0 |       6 |       0 |   0.0
    Snake:3 |    7261 |       0 |   0.0 |      10 |       0 |   0.0
     Bailey |       0 |    2521 | 100.0 |       0 |      21 | 100.0
            +---------+---------+-------+---------+---------+-------
